 Dungeon Crawl Stone Soup version 0.24.0-13-gcf9b3192b9 (webtiles) character file.

Game seed: 144265590107734863, levelgen mode: deterministic

5 Esekla the Skirmisher (level 1, -1/12 HPs)
             Began as a Vine Stalker Abyssal Knight on Nov 10, 2019.
             Was a Follower of Lugonu.
             Killed from afar by a starcursed mass (4 damage)
             ... with an accursed screaming
             ... on level 1 of the Abyss.
             The game lasted 00:01:56 (124 turns).

Esekla the Skirmisher (Vine Stalker Abyssal Knight)  Turns: 124, Time: 00:01:57

Health: -1/12      AC:  3    Str: 14    XL:     1   Next: 80%
Magic:  0/3        EV: 11    Int: 12    God:    Lugonu [*.....]
Gold:   9          SH:  0    Dex: 13    Spells: 0/0 levels left

rFire    . . .     SeeInvis .   a - +1 falchion
rCold    . . .     Gourm    .   (no shield)
rNeg     . . .     Faith    .   b - +0 leather armour
rPois    .         Spirit   +   (no helmet)
rElec    .         Reflect  .   (no cloak)
rCorr    .         Harm     .   (no gloves)
MR       .....     Rnd*Tele +   (no boots)
Stlth    +.........             (no amulet)
HPRegen  0.04/turn              d - ring of teleportation (curse)
MPRegen  0.08/turn              (no ring)

@: confused
A: fangs 2, magic shield, antimagic bite, no potion heal 3, rot immunity
a: Depart the Abyss, Renounce Religion


You were on level 1 of the Abyss.
You worshipped Lugonu.
Lugonu was aware of your devotion.
You were not hungry.

You visited 0 branches of the dungeon, and saw 0 of its levels.
You visited the Abyss 1 time.

You collected 9 gold pieces.

Inventory:

Hand Weapons
 a - a +1 falchion (weapon)
Armour
 b - a +0 leather armour (worn)
Jewellery
 d - a cursed ring of teleportation (left hand)
Comestibles
 c - 2 rations


   Skills:
 * Level 3.0 Fighting
 + Level 1.8 Long Blades
 + Level 1.6 Armour
 + Level 0.7 Dodging
 + Level 1.8 Invocations


You couldn't memorise any spells.
You didn't know any spells.
Your spell library was empty.

Dungeon Overview and Level Annotations

Branches:
Dungeon (0/15)

Altars:


Innate Abilities, Weirdness & Mutations

You have extremely sharp teeth.
When hurt, damage is shared between your health and your magic reserves.
Your bite disrupts and absorbs the magic of your enemies.
Potions cannot restore your health.
You are immune to rotting.


Message History

The golden eye blinks!
A glowing orange brain comes into view.
The glowing orange brain turns its attention towards you.
A starcursed mass splits.
You're too confused to move!
The glowing orange brain pulsates.
You are more confused.
A starcursed mass splits.
The golden eye blinks at you.
You are more confused.
The golden eye blinks at you.
You are more confused.
The golden eye blinks!
A starcursed mass splits.
You bump into the rock wall.
You bump into the rock wall.
You're too confused to move!
The glowing orange brain pulsates.
A starcursed mass splits.
A chorus of shrieks assaults your mind.
You die...

#. .. .. .#.
#.#..# ### .##...
#..##.###.##.....#
#..#
................ .
..
..................
... .....xh.......
....... #...h..#
.. .. #.@GhX.##
.X.# ..
#..G####XX# ## #..
# ###. ..#..##. #.
#..#....#.## #..##
..#..... #.####..#
#.. #.# # # #.#..
# ..#....###X..#.
# ## #..#...
#X..#..##.# # ##.#
#§X##..# ##


You could see 3 starcursed masses, a glowing orange brain, an ancient zyme, 3
raiju and a golden eye.

Vanquished Creatures
  An ufetubus (Abyss:1)
1 creature vanquished.

Notes
Turn   | Place    | Note
-------+----------+-------------------------------------------
     0 | Abyss:1  | Esekla the Vine Stalker Abyssal Knight began the quest for
                  | the Orb.
     0 | Abyss:1  | Reached XP level 1. HP: 11/11 MP: 3/3
    38 | Abyss:1  | Reached skill level 3 in Fighting
    41 | Abyss:1  | Noticed a starcursed mass
    45 | Abyss:1  | Noticed a small abomination
    58 | Abyss:1  | Noticed a smoke demon
    82 | Abyss:1  | Noticed a large abomination
    90 | Abyss:1  | Noticed a small abomination
    98 | Abyss:1  | Noticed a starcursed mass
   107 | Abyss:1  | Noticed a golden eye
   112 | Abyss:1  | Noticed a glowing orange brain
   124 | Abyss:1  | Killed from afar by a starcursed mass

Levels and vault maps discovered:
Abyss:1

Skill      XL: |  1 |
---------------+----+-----
Fighting       | 3 |  3.0
Long Blades    | |  1.8
Armour         | |  1.6
Dodging        | |  0.7
Invocations    | |  1.8

Action                   || total
-------------------------++-------
Melee: Falchion          ||     2
Armor: Leather armour    ||     1
